 Dungeon Crawl Stone Soup version 0.26-a0-682-g294304f6e8 (webtiles) character file.

Game seed: 11738726307499174239

(classic levelgen) 18 EnegeticOcto the Digger (level 2, -2/17 HPs)
             Began as a Halfling Earth Elementalist on Oct 20, 2020.
             Killed from afar by Sigmund (6 damage)
             ... with a puff of flame
             ... on level 2 of the Dungeon.
             The game lasted 00:01:06 (184 turns).

EnegeticOcto the Digger (HaEE)                       Turns: 184, Time: 00:01:06

Health: -2/17      AC:  2    Str:  9    XL:     2   Next: 90%
Magic:  0/4        EV: 15    Int: 13    God:
Gold:   53         SH:  0    Dex: 14    Spells: 3/4 levels left

rFire    . . .     SeeInvis .   e - +0 mace (protect)
rCold    . . .     Faith    .   (shield restricted)
rNeg     . . .     Spirit   .   c - +0 robe
rPois    .         Reflect  .   (no helmet)
rElec    .         Harm     .   (no cloak)
rCorr    .         Rampage  .   (no gloves)
MR       .....                  (no boots)
Stlth    ++........             (no amulet)
HPRegen  0.05/turn              (no ring)
MPRegen  0.09/turn              (no ring)

@: very slightly contaminated
A: small, mutation resistance 1
a: no special abilities


You were on level 2 of the Dungeon.
You visited 1 branch of the dungeon, and saw 2 of its levels.

You collected 53 gold pieces.

Inventory:

Hand Weapons
 e - a +0 mace of protection (weapon)
Missiles
 b - 65 stones (quivered)
Armour
 c - a +0 robe (worn)
Scrolls
 d - a scroll of random uselessness {unknown}
 f - a scroll of enchant armour {unknown}
 g - a scroll of fear {unknown}
Potions
 a - 2 potions of haste {unknown}


   Skills:
 - Level 2.1 Dodging
 - Level 2.1 Stealth
 - Level 1.5 Spellcasting
   Level 0.5 Transmutations
 + Level 3.9 Earth Magic


You had 3 spell levels left.
You knew the following spells:

 Your Spells              Type           Power        Failure   Level
a - Sandblast             Erth           ##....       5%          1

Your spell library contained the following spells:

 Spells                   Type           Power        Failure   Level
 Passwall                 Tmut/Erth      #.......     16%         2
 Stone Arrow              Conj/Erth      #.....       34%         3
 Petrify                  Tmut/Erth      #.......     71%         4
 Lee's Rapid Deconstruct  Erth           ##........   82%         5


Dungeon Overview and Level Annotations

Branches:
Dungeon (2/15)

Altars:

Annotations:
D:2 Sigmund


Innate Abilities, Weirdness & Mutations

You are small and have problems with some larger weapons.
You are somewhat resistant to further mutation.


Message History

The hobgoblin shouts!
A hobgoblin comes into view.
The hobgoblin shouts!
You closely miss the hobgoblin.
A hobgoblin comes into view. It is wielding a -2 club.
The hobgoblin barely misses you.
The hobgoblin shouts!
You hit the hobgoblin.
Your weapon exudes an aura of protection.
The hobgoblin is severely wounded.
The hobgoblin hits you but does no damage.
You closely miss the hobgoblin.
The hobgoblin is severely wounded.
The hobgoblin closely misses you. The hobgoblin closely misses you.
The hobgoblin hits you but does no damage.
You barely miss the hobgoblin. The hobgoblin closely misses you.
You hit the hobgoblin but do no damage.
Your weapon exudes an aura of protection.
The hobgoblin hits you but does no damage.
You barely miss the hobgoblin.
The hobgoblin hits you but does no damage.
The hobgoblin barely misses you.
You hit the hobgoblin.
The hobgoblin is almost dead.
The hobgoblin hits you but does no damage.
You hit the hobgoblin but do no damage.
The hobgoblin is almost dead.
The hobgoblin hits you but does no damage.
The hobgoblin barely misses you.
You hit the hobgoblin.
You kill the hobgoblin!
The hobgoblin hits you but does no damage.
You completely miss the hobgoblin.
The hobgoblin is severely wounded.
The hobgoblin hits you with a +0 club.
You hit the hobgoblin.
You kill the hobgoblin!
The hobgoblin misses you.
You hit the hobgoblin but do no damage.
The hobgoblin hits you but does no damage.
Casting: Sandblast (safe; 5% risk of failure)
Confirm with . or Enter, or press ? or * to list all spells.
Aiming: Sandblast (safe; 5% risk of failure)
Press: ? - help, Shift-Dir - straight line, f - hobgoblin
Aim: a hobgoblin, wielding a -2 club The blast of sand hits the hobgoblin.
You kill the hobgoblin!
b - 68 stones
f - a scroll labeled BAWOUGIORU
Items here: )) ††.
g - a scroll labeled HELODE SIUHADY
Found 18 gold pieces.
Found 15 arrows.
You now have 53 gold pieces (gained 18).
Sigmund the Dreaded comes into view.
He is wielding a +0 scythe.
Press: ? - help, v - describe, . - travel
Here: Sigmund, wielding a +0 scythe and wearing a +0 robe (asleep)
The floor.
Casting: Sandblast (safe; 5% risk of failure)
Confirm with . or Enter, or press ? or * to list all spells.
Aiming: Sandblast (safe; 5% risk of failure)
Press: ? - help, Shift-Dir - straight line, f - Sigmund
Aim: Sigmund, wielding a +0 scythe and wearing a +0 robe (asleep)
The blast of sand hits Sigmund.
Sigmund is lightly wounded.
Sigmund shouts!
b - 67 stones You hear a shout!
Sigmund gestures at you while chanting. The magic dart hits you.
* * * LOW HITPOINT WARNING * * *
Casting: Sandblast (safe; 5% risk of failure)
Confirm with . or Enter, or press ? or * to list all spells.
Aiming: Sandblast (safe; 5% risk of failure)
Press: ? - help, Shift-Dir - straight line, f/p - Sigmund
Aim: Sigmund, wielding a +0 scythe and wearing a +0 robe (lightly wounded)
You miscast Sandblast.
You are very lightly contaminated with residual magic.
Nothing appears to happen.
Casting: Sandblast (safe; 5% risk of failure)
Confirm with . or Enter, or press ? or * to list all spells.
Aiming: Sandblast (safe; 5% risk of failure)
Press: ? - help, Shift-Dir - straight line, f/p - Sigmund
Aim: Sigmund, wielding a +0 scythe and wearing a +0 robe (lightly wounded)
The blast of sand hits Sigmund.
Sigmund is moderately wounded.
b - 66 stones Sigmund barely misses you.
Casting: Sandblast (safe; 5% risk of failure)
Confirm with . or Enter, or press ? or * to list all spells.
Aiming: Sandblast (safe; 5% risk of failure)
Press: ? - help, Shift-Dir - straight line, f/p - Sigmund
Aim: Sigmund, wielding a +0 scythe and wearing a +0 robe (moderately wounded)
The blast of sand hits Sigmund!
Sigmund is heavily wounded.
b - 65 stones Sigmund points at you and mumbles some strange words.
The puff of flame hits you.
You die...

##<#####.#
######...)....#
#........####.#
#........# #. ##
#........####.####..
#................#.
.......#...... ..@
.......#...### #.#
.......#..... #@#
.......#.##### #.#
.......#.# #.#
.......#.##### #.#
.............# #.#
#######.....(###.#
#......#...#
#........###
##.##....#


You could see Sigmund.

Vanquished Creatures
  An ooze (D:1)
  2 leopard geckos
  2 goblins (D:1)
  3 hobgoblins (D:2)
  2 kobolds (D:1)
  A rat (D:2)
11 creatures vanquished.

Notes
Turn   | Place    | Note
-------+----------+-------------------------------------------
     0 | D:1      | EnegeticOcto the Halfling Earth Elementalist began the
                  | quest for the Orb.
     0 | D:1      | Reached XP level 1. HP: 11/11 MP: 3/3
    64 | D:1      | Reached XP level 2. HP: 12/17 MP: 0/4
   180 | D:2      | Noticed Sigmund
   184 | D:2      | Killed from afar by Sigmund

Illustrated notes

Levels and vault maps discovered:
D:1:      dpeg_arrival_orchard, layout_loops_cross, moated_statue,
          okawaru_ov_weapons_minmay
D:2:      layout_basic, st_stairs_9, uniq_sigmund

Action                   || total
-------------------------++-------
Melee: Unarmed           ||     2
       Mace              ||    22
 Cast: Sandblast         ||    12
Armor: Robe              ||    10
Dodge: Dodged            ||    17

Table legend: (Time is in decaauts)
 A = Elapsed time spent in this place.
 B = Non-inter-level travel time spent in this place.
 C = Inter-level travel time spent in this place.
 D = Time resting spent in this place.
 E = Time spent auto-exploring this place.
 F = Levels seen in this place.
 G = Mean time per level.
                   A        B        C        D        E       F      G
               +--------+--------+--------+--------+--------+-----+--------+
         Total |    192 |    187 |      5 |      0 |      0 |   2 |   96.0 |
       Dungeon |    192 |    187 |      5 |      0 |      0 |   2 |   96.0 |
               +--------+--------+--------+--------+--------+-----+--------+

Top non-repeatable levels by time:
     D:1: 127 daAuts
     D:2: 64 daAuts
